 Dungeon Crawl Stone Soup version 0.29-a0-43-g62a80824bf (webtiles) character file.

Game seed: 6308435872755518113

1152 dualclasshuman the Skirmisher (level 8, -16/71 HPs)
             Began as a Black Draconian Berserker on Feb 3, 2022.
             Was a Believer of Trog.
             Killed by an exploding yak (41 damage)
             ... ignited by their inner flame
             ... on level 5 of the Dungeon.
             The game lasted 00:10:43 (4218 turns).

dualclasshuman the Skirmisher (DrBe)                Turns: 4218, Time: 00:10:44

Health: -16/71     AC:  6    Str: 20    XL:     8   Next: 16%
Magic:  8/8        EV: 13    Int:  6    God:    Trog [**....]
Gold:   113        SH:  0    Dex: 12    Spells: 7/7 levels left

rFire   . . .      SeeInvis .   c - +1 falchion (vorpal)
rCold   . . .      Faith    .   (no shield)
rNeg    . . .      Spirit   .   (armour unavailable)
rPois   .          Reflect  .   (helmet restricted)
rElec   +          Harm     .   (no cloak)
rCorr   .          Rampage  .   (no gloves)
Will    ++...                   (no boots)
Stlth   ++........              (no amulet)
HPRegen 1.21/turn               n - ring of flight
MPRegen 0.11/turn               (no ring)

@: short of breath, strong-willed, flying, regenerating
A: breathe lightning, AC +6, unfitting armour, electricity resistance,
cold-blooded, dopey 1
a: Breathe Lightning, Renounce Religion, Berserk, Trog's Hand


You were on level 5 of the Dungeon.
You worshipped Trog.
Trog was pleased with you.
You visited 1 branch of the dungeon, and saw 5 of its levels.

You collected 113 gold pieces.

Inventory:

Hand Weapons
 a - a +0 spear
 c - a +1 vorpal falchion (weapon)
 m - a +0 vorpal war axe
Missiles
 l - 10 javelins (quivered)
Jewellery
 n - a ring of flight (left hand)
Wands
 k - a wand of iceblast (8)
 o - a wand of digging (4)
Scrolls
 i - 2 scrolls of teleportation
 j - 2 scrolls of immolation
Potions
 d - a potion of attraction
 q - a potion of might


   Skills:
 * Level 6.4 Fighting
 + Level 1.8 Long Blades
 + Level 4.0(5.1) Axes
 + Level 4.7(5.5) Polearms
 * Level 5.1 Dodging
 + Level 2.3 Stealth


You had 7 spell levels left.
You didn't know any spells.
Your spell library was empty.

Dungeon Overview and Level Annotations

Branches:
Dungeon (5/15)
 Temple: D:4-7

Altars:
Dithmenos
Nemelex Xobeh
Sif Muna


Innate Abilities, Weirdness & Mutations

You can breathe wild blasts of lightning.
Your glossy black scales are hard. (AC +6)
You cannot fit into any form of body armour.
You are resistant to electric shocks. (rElec)
You are cold-blooded and may be slowed by cold attacks.
You are dopey. (Int -2)


Message History

Your skin crawls.
You feel strong-willed. The yak gores you!
The yak gores you but does no damage.
A scorpion comes into view.
The dart slug closely misses you.
Really read the scroll of immolation?
As you read the scroll of immolation, it crumbles to dust.
The creatures around you are filled with an inner flame!
The yak closely misses you. The yak gores you. The dart slug bites you.
Activating: Breathe Lightning (4% risk of failure)
Press: ? - help, Dir - look around, f - activate You breathe a wild blast of lightning!
You hear a mighty clap of thunder!
The bolt of lightning hits the yak!!
Flame seeps out of the yak.
The yak is severely wounded.
The orb of electricity explodes!
The orb of electricity engulfs you! You resist.
The orb of electricity engulfs the dart slug!!
Trog accepts your kill.
The orb of electricity engulfs the yak!!
Flame seeps out of the yak.
The yak is almost dead.
The orb of electricity engulfs the yak!!
Trog accepts your kill.
The orb of electricity engulfs the yak!!
Flame seeps out of the yak.
The yak is severely wounded.
You hear a mighty clap of thunder!
The bolt of lightning hits you. You resist.
The orb of electricity explodes!
The orb of electricity engulfs you! You resist.
The orb of electricity engulfs the yak!
Trog accepts your kill.
The orb of electricity engulfs the yak!!
Trog accepts your kill.
The yak explodes! x2
The fiery explosion engulfs you!
The yak explodes!
The fiery explosion engulfs you!!!
Ouch! That really hurt!
You die...

#. #.# #+###.#
#.#...### .. ..#
#. #. #.#...# ##
### #. ..##.##
##. #####.# ##..
#######.# #...
#.......# #..
####.#.###.#
#§###..........#
#○@....###.###.#
...YY§○###..#
#.# #.# ######○
#..###'###.# #§
#..###_'...# #.
##.###'###.# #.
#.# #.# #.# #?
#.###.###.# #.
#.........#
##..#######


You could see 2 yaks.

Vanquished Creatures
  The ghost of robertstho the Magician, an amateur DjFE (D:4)
  Sigmund (D:4)
  3 yaks (D:5)
  An ogre (D:2)
  A black bear (D:4)
  An ice beast (D:4)
  A scorpion (D:4)
  A water moccasin skeleton (D:3)
  A howler monkey (D:4)
  A centaur skeleton (D:3)
  An orc priest (D:4)
  The ghost of Theoretic the Vexing, a weakling FeEn (D:3)
  A bullfrog skeleton (D:3)
  Jessica (D:3)
  An iguana (D:4)
  3 orc wizards (D:4)
  3 gnolls (D:2)
  5 adders
  2 ufetubi (D:4)
  An adder skeleton (D:4)
  2 worms
  3 dart slugs
  6 orcs
  5 endoplasms
  3 giant cockroaches
  3 goblins
  13 hobgoblins
  A jackal (D:4)
  3 quokkas
  8 ball pythons
  3 bats
  7 frilled lizards
  6 kobolds
  4 rats
98 creatures vanquished.

Notes
Turn   | Place    | Note
-------+----------+-------------------------------------------
     0 | D:1      | dualclasshuman the Draconian Berserker began the quest for
                  | the Orb.
     0 | D:1      | Reached XP level 1. HP: 19/19 MP: 1/1
   265 | D:1      | Found a faded altar of an unknown god.
   530 | D:1      | Reached XP level 2. HP: 23/26 MP: 2/2
  1315 | D:2      | Reached XP level 3. HP: 24/33 MP: 3/3
  1351 | D:2      | Reached skill level 4 in Fighting
  1457 | D:2      | Identified the +1 ring mail "Poneaq" {rN+ Will+ Str-4}
  1504 | D:2      | Reached ** piety under Trog
  1590 | D:2      | Reached XP level 4. HP: 40/40 MP: 4/4
  1707 | D:2      | Noticed an ogre
  1715 | D:2      | Killed an ogre
  1716 | D:2      | Reached XP level 5. HP: 47/47 MP: 5/5
  2106 | D:3      | Noticed Jessica
  2111 | D:3      | Killed Jessica
  2299 | D:3      | Found a runed translucent gate.
  2299 | D:3      | Found a runed translucent gate.
  2299 | D:3      | Found a runed translucent gate.
  2304 | D:3      | Noticed Theoretic's ghost (weakling FeEn)
  2386 | D:3      | Reached skill level 5 in Fighting
  2386 | D:3      | Reached skill level 1 in Stealth
  2387 | D:3      | Reached XP level 6. HP: 56/56 MP: 6/6
  2391 | D:3      | Reached skill level 1 in Axes
  2392 | D:3      | Killed Theoretic's ghost
  2966 | D:4      | Noticed Sigmund
  2975 | D:4      | Killed Sigmund
  2976 | D:4      | Your scales start taking on a glossy black colour.
  2976 | D:4      | Reached XP level 7. HP: 61/61 MP: 7/7
  2976 | D:4      | Gained mutation: You are resistant to electric shocks.
                  | (rElec) [Black Draconian growth]
  3408 | D:4      | Reached skill level 6 in Fighting
  3621 | D:4      | Noticed robertstho's ghost (amateur DjFE)
  3635 | D:4      | Found a runed translucent door.
  3698 | D:4      | Reached skill level 1 in Long Blades
  3726 | D:4      | Killed robertstho's ghost
  3727 | D:4      | Reached skill level 5 in Dodging
  3727 | D:4      | Reached XP level 8. HP: 71/71 MP: 8/8
  3748 | D:4      | Gained mutation: You are dopey. (Int -2) [potion of
                  | mutation]
  3893 | D:4      | Found a sparkling altar of Nemelex Xobeh.
  4025 | D:5      | Entered Level 5 of the Dungeon
  4026 | D:5      | Found a shadowy altar of Dithmenos.
  4186 | D:5      | Found a shimmering blue altar of Sif Muna.
  4218 | D:5      | Killed by an exploding yak... ignited by their inner flame

Illustrated notes

Levels and vault maps discovered:
D:1:      dpeg_arrival_boxorama, layout_basic,
          shapermc_ecumenical_altar_mp_highgroup, chequers_serial_rivers_large_a
D:2:      layout_loops_ring, minmay_misc_feat_enclosed
D:3:      layout_basic, gammafunk_ghost_necromancy, minmay_strange_pillars,
          uniq_jessica
D:4:      cheibrodos_barr_body, layout_rooms, overflow_temple_1_default,
          hellmonk_ghost_happy_afterlife, uniq_sigmund
D:5:      layout_loops_corners, nicolae_wu_jian_wuxing_cycle,
          mainiacjoe_overflow_concentric_impassable, lemuel_doored_altar,
          okawaru_gym_becter, tgw_trog, nrook_loot_triangle,
          kb_lookout_dungeons_type, uniq_grinder, uniq_pikel

Skill      XL: |  1  2  3  4  5  6  7 |
---------------+----------------------+-----
Dodging        | 3 4 5 |  5.1
Fighting       | 4 5 6 |  6.4
Polearms       | 4 |  4.7
Stealth        | 1 2 |  2.3
Axes           | 2 4 |  4.0
Long Blades    | 1 |  1.8

Action                   |  1- 3 |  4- 6 |  7- 9 || total
-------------------------+-------+-------+-------++-------
Melee: Spear             |    91 |    23 |       ||   114
       Tailslap          |     9 |     9 |    13 ||    31
       Punch             |     3 |       |       ||     3
       War axe           |       |    57 |    16 ||    73
       Falchion          |       |       |    68 ||    68
Throw: Javelin           |       |     1 |       ||     1
Invok: Berserk           |       |     3 |     1 ||     4
       Trog's Hand       |       |     2 |     3 ||     5
 Abil: Breathe Lightning |       |       |     5 ||     5
  Use: Potion            |       |       |     4 ||     4
       Scroll            |       |       |    10 ||    10
 Stab: Distracted        |     1 |       |       ||     1
       Sleeping          |       |     1 |       ||     1
Armor: Skin              |    14 |    22 |    36 ||    72
Dodge: Dodged            |    43 |    57 |    76 ||   176

Table legend: (Time is in decaauts)
 A = Elapsed time spent in this place.
 B = Non-inter-level travel time spent in this place.
 C = Inter-level travel time spent in this place.
 D = Time resting spent in this place.
 E = Time spent auto-exploring this place.
 F = Levels seen in this place.
 G = Mean time per level.
                   A        B        C        D        E       F      G
               +--------+--------+--------+--------+--------+-----+--------+
         Total |   4310 |   4292 |     18 |    490 |   2848 |   5 |  862.0 |
       Dungeon |   4310 |   4292 |     18 |    490 |   2848 |   5 |  862.0 |
               +--------+--------+--------+--------+--------+-----+--------+

Top non-repeatable levels by time:
     D:4: 1122 daAuts
     D:1: 1067 daAuts
     D:2: 963 daAuts
     D:3: 961 daAuts
     D:5: 195 daAuts
